 Dungeon Crawl Stone Soup version 0.19.1-1-g22dce08 (webtiles) character file.

14556 JeffiDaFish the Blocker (level 12, -12/79 HPs)
             Began as a Gargoyle Fighter on Jan 11, 2017.
             Was a Priest of Makhleb.
             Killed from afar by an ice statue (23 damage)
             ... with a bolt of cold
             ... in an ice cave.
             The game lasted 00:31:40 (13095 turns).

JeffiDaFish the Blocker (Gargoyle Fighter)         Turns: 13095, Time: 00:31:41

Health: -12/79     AC: 31    Str: 21    XL:     12   Next: 17%
Magic:  12/12      EV:  5    Int: 10    God:    Makhleb [***...]
Gold:   885        SH: 19    Dex: 12    Spells: 0 memorised, 11 levels left

rFire  . . .     SeeInvis .     k - +2 whip (drain)
rCold  . . .     Gourm    .     i - +1 plate armour
rNeg   + . .     Faith    .     q - +0 large shield
rPois  ∞         Spirit   .     (helmet restricted)
rElec  +         Reflect  .     m - +0 cloak
rCorr  .         Harm     .     g - +2 pair of gloves
MR     .....                    u - +2 pair of boots
Stlth  ..........               n - amulet of rage
                                (no ring)
                                (no ring)

@: starving
A: antennae 1, hooves 1, negative energy resistance 1, robust 1, electricity
resistance, unbreathing, petrification resistance, rot immunity, AC +8
a: Minor Destruction, Lesser Servant of Makhleb, Renounce Religion, Evoke
Berserk Rage


You were in an ice cave.
You worshipped Makhleb.
Makhleb was most pleased with you.
You were starving.

You visited 3 branches of the dungeon, and saw 15 of its levels.
You also visited: Sewer and Ice Cave.

You collected 885 gold pieces.

Inventory:

Hand Weapons
 k - a +2 whip of draining (weapon)
Armour
 g - a +2 pair of gloves (worn)
 i - a +1 plate armour (worn)
 m - a +0 cloak (worn)
 q - a +0 large shield (worn)
 u - a +2 pair of boots (worn)
Jewellery
 n - an amulet of rage (around neck)
 o - an uncursed ring of ice
Wands
 w - a wand of disintegration (4/24)
Scrolls
 e - 9 scrolls of identify
 j - a scroll of blinking
 l - 7 scrolls of teleportation
 p - a scroll of recharging
 r - a scroll of fear
 s - 2 scrolls of fog
 v - a scroll of magic mapping
Potions
 a - a potion of brilliance
 c - 3 potions of flight
 d - 2 potions of ambrosia
 z - a potion of haste
Books
 y - a book of Cantrips

   Spells                             Type                      Level
   a - Confusing Touch                Hexes                        1
   b - Animate Skeleton               Necromancy                   1
   c - Summon Small Mammal            Summoning                    1
   d - Apportation                    Translocation                1
Comestibles
 b - 24 fruits
 f - 7 bread rations
 h - 11 meat rations
 t - a beef jerky


   Skills:
 + Level 7.2 Fighting
 + Level 10.8 Maces & Flails
 + Level 8.7 Armour
 + Level 2.0 Dodging
 + Level 0.8 Stealth
 + Level 14.0 Shields


You had 11 spell levels left.
You didn't know any spells.

Dungeon Overview and Level Annotations

Branches:
Dungeon (12/15)            Temple (1/1) D:7            Lair (2/6) D:11
  Swamp: Lair:2-4    Shoals: Lair:2-4     Snake: Lair:2-4    Spider: Lair:2-4
    Orc: D:9-12

Altars:
Cheibriados
Elyvilon
Fedhas
Gozag
Hepliaklqana
Kikubaaqudgha
Makhleb
Okawaru
Qazlal
Ru
Trog
Uskayaw
Vehumet
Xom
Yredelemnul
Zin
The Shining One

Shops:
D:11 :

Annotations:
IceCv exclusion: 2 ice statues


Innate Abilities, Weirdness & Mutations

You are resistant to torment.
Your stone body is resilient. (AC +8)
You are immune to poison.
You resist negative energy. (rN+)
You are resistant to electric shocks. (rElec)
You can survive without breathing.
You are immune to petrification.
You are immune to rotting.
You have a pair of small antennae on your head.
You have large cloven feet.
You are robust. (+10% HP)


Message History

The ice statue is almost destroyed.
You block the ice beast's attack. The ice beast barely misses you.
You block the ice beast's attack.
The ice beast hits you but does no damage.
You hit the ice statue but do no damage.
The ice statue is almost destroyed.
The ice beast hits you but does no damage.
The ice statue gestures at you. You block the shard of ice.
Unknown command.
You hit the ice statue but do no damage.
The ice statue is almost destroyed.
The ice beast hits you but does no damage.
You block the ice beast's attack. x3
The ice beast hits you but does no damage.
You hit the ice statue.
The ice statue is almost destroyed.
The ice statue gestures at you. The bolt of cold hits you!
You die...

#####
#####...##
##........##
##..........#
.#..........##
.............#
.........YYY#
#......YY@.#
###8#...Y#8# #
##..#### #..##
##..## ##..#
##...# ##...##
#...##


You could see 2 ice statues and 6 ice beasts.

Vanquished Creatures
  Fannar (Lair:1)
  A death yak (D:11)
  Pikel (D:8)
  A hill giant (D:10)
  An ugly thing (D:11)
  Joseph (D:8)
  2 gargoyles (D:10)
  4 spiny frogs
  A komodo dragon (Lair:1)
  2 ice devils (Lair:2)
  A troll (D:9)
  Grinder (D:4)
  Prince Ribbit (D:5)
  7 blink frogs
  2 hippogriffs
  The ghost of baldghoti the Sneak, an amateur SpAs (D:4)
  A basilisk (Lair:2)
  2 yaks (D:11)
  A hungry ghost (D:8)
  Menkaure (D:4)
  5 water moccasins
  Duvessa (D:6)
  2 porcupines (Lair:2)
  4 sky beasts
  A black bear (D:10)
  2 orc warriors
  3 ice beasts
  7 ogres
  A phantom (D:6)
  2 eyes of draining
  5 centaurs
  2 crocodiles
  Blork the orc (D:4)
  5 bullfrogs
  A wyvern zombie (D:11)
  Dowan (D:6)
  A water moccasin zombie (D:7)
  3 scorpions
  6 killer bees (D:8)
  5 wights (D:10)
  An electric eel (Lair:1)
  A howler monkey (D:10)
  A crimson imp (D:7)
  A bullfrog zombie (D:6)
  A hound (D:9)
  A gnoll shaman (D:6)
  2 jellies
  A centaur skeleton (D:6)
  2 bullfrog skeletons
  2 orc priests
  9 iguanas
  Natasha (twice) (D:4)
  13 orc wizards
  6 worker ants
  A hound zombie (D:7)
  2 worker ant zombies
  17 gnolls
  A howler monkey skeleton (D:4)
  18 adders
  A river rat (D:6)
  4 shadow imps
  5 white imps (IceCv)
  4 ufetubi (IceCv)
  An ooze (D:6)
  2 adder zombies
  An adder skeleton (D:5)
  4 worms
  2 dart slugs
  10 leopard geckos
  47 orcs
  11 bats
  8 giant cockroaches
  10 goblins
  9 hobgoblins
  7 jackals
  5 quokkas
  3 ball pythons
  6 frilled lizards
  10 kobolds
  A leopard gecko zombie (D:5)
  11 rats
335 creatures vanquished.

Vanquished Creatures (others)
  A hound (D:8)
  Natasha (D:4)
  A worker ant (D:4)
  A gnoll (D:4)
  2 adders (D:4)
  4 white imps (IceCv)
  5 ufetubi (IceCv)
  A worm (D:4)
  A frilled lizard (D:4)
  A plant (D:8)
  4 toadstools (D:1)
22 creatures vanquished.

Grand Total: 357 creatures vanquished

Notes
Turn   | Place    | Note
-------+----------+-------------------------------------------
     0 | D:1      | JeffiDaFish the Gargoyle Fighter began the quest for the Orb.
     0 | D:1      | Reached XP level 1. HP: 14/14 MP: 1/1
   301 | D:1      | Reached XP level 2. HP: 19/19 MP: 2/2
   897 | D:2      | Gained mutation: You are resistant to hostile enchantments. (MR+) [potion of beneficial mutation]
   936 | D:2      | Reached XP level 3. HP: 5/23 MP: 3/3
   938 | D:2      | Reached skill level 4 in Shields
   945 | D:2      | Reached XP level 4. HP: 4/28 MP: 4/4
  1379 | D:2      | Lost mutation: You are resistant to hostile enchantments. (MR+) [potion of mutation]
  1379 | D:2      | Gained mutation: You have large cloven feet. [potion of mutation]
  1379 | D:2      | Gained mutation: You are robust. (+10% HP) [potion of mutation]
  2064 | D:3      | Reached XP level 5. HP: 18/36 MP: 5/5
  2246 | D:3      | Found an opulent altar of Gozag.
  2394 | D:3      | Reached skill level 5 in Shields
  2593 | D:3      | Reached XP level 6. HP: 37/41 MP: 6/6
  2934 | D:4      | Noticed baldghoti's ghost (amateur SpAs)
  2952 | D:4      | Killed baldghoti's ghost
  2964 | D:4      | Found a shimmering altar of Xom.
  3019 | D:4      | Noticed Grinder
  3037 | D:4      | Paralysed by Grinder for 5 turns
  3067 | D:4      | Paralysed by Grinder for 3 turns
  3071 | D:4      | Paralysed by Grinder for 6 turns
  3081 | D:4      | Killed Grinder
  3081 | D:4      | Reached skill level 5 in Maces & Flails
  3081 | D:4      | Reached XP level 7. HP: 43/47 MP: 7/7
  3178 | D:4      | Noticed Blork the orc
  3192 | D:4      | Killed Blork the orc
  3192 | D:4      | Reached skill level 6 in Shields
  3203 | D:4      | Gained mutation: You have a pair of small antennae on your head. [potion of beneficial mutation]
  3227 | D:4      | Noticed Menkaure
  3233 | D:4      | Killed Menkaure
  3344 | D:4      | Noticed Natasha
  3350 | D:4      | Killed Natasha
  3402 | D:4      | Reached XP level 8. HP: 52/52 MP: 8/8
  3409 | D:4      | Noticed Natasha
  3420 | D:4      | Killed Natasha
  3420 | D:4      | Reached skill level 5 in Armour
  3790 | D:4      | Killed Natasha
  3852 | D:4      | Found a stormy altar of Qazlal.
  3902 | D:5      | Entered Level 5 of the Dungeon
  3926 | D:5      | Noticed Prince Ribbit
  3955 | D:5      | Killed Prince Ribbit
  4060 | D:5      | Reached skill level 7 in Shields
  4238 | D:5      | Reached skill level 5 in Fighting
  4647 | D:5      | Found a glowing silver altar of Zin.
  4932 | D:6      | Reached XP level 9. HP: 46/59 MP: 9/9
  4991 | D:6      | Reached skill level 8 in Shields
  5072 | D:6      | Found a glowing drain.
  5077 | Sewer    | Entered a sewer
  5579 | D:6      | Found a hazy altar of Hepliaklqana.
  5647 | D:6      | Noticed Dowan
  5648 | D:6      | Noticed Duvessa
  5667 | D:6      | Killed Duvessa
  5683 | D:6      | Killed Dowan
  6164 | D:7      | Reached skill level 9 in Shields
  6504 | D:7      | Found a staircase to the Ecumenical Temple.
  6524 | D:7      | Reached skill level 1 in Dodging
  6537 | Temple   | Entered the Ecumenical Temple
  6636 | Temple   | Became a worshipper of Makhleb the Destroyer
  7227 | D:8      | Found a basalt altar of Yredelemnul.
  7280 | D:8      | Reached XP level 10. HP: 33/66 MP: 10/10
  7363 | D:8      | Reached skill level 10 in Shields
  7492 | D:8      | Reached * piety under Makhleb
  7493 | D:8      | Noticed Joseph
  7524 | D:8      | Killed Joseph
  7601 | D:8      | Found an ancient bone altar of Kikubaaqudgha.
  7601 | D:8      | Found a bloodstained altar of Trog.
  7897 | D:8      | Noticed Pikel
  7910 | D:8      | Killed Pikel
  7910 | D:8      | Reached skill level 11 in Shields
  8163 | D:9      | Found a sacrificial altar of Ru.
  8233 | D:9      | Found a radiant altar of Vehumet.
  8831 | D:10     | Entered Level 10 of the Dungeon
  8840 | D:10     | Reached ** piety under Makhleb
  9025 | D:10     | Noticed a gargoyle
  9038 | D:10     | Killed a gargoyle
  9038 | D:10     | Reached XP level 11. HP: 72/72 MP: 11/11
  9147 | D:10     | Reached skill level 12 in Shields
  9319 | D:10     | Noticed a hill giant
  9335 | D:10     | Killed a hill giant
 10150 | D:11     | Found Ublimaro's Book Shop.
 10203 | D:11     | Noticed a death yak
 10246 | D:11     | Killed a death yak
 10246 | D:11     | Reached skill level 10 in Maces & Flails
 10264 | D:11     | Found a staircase to the Lair.
 10426 | D:11     | Reached *** piety under Makhleb
 10481 | D:11     | Noticed a green ugly thing
 10504 | D:11     | Killed a green ugly thing
 10605 | D:12     | Found a glowing silver altar of Zin.
 10631 | Lair:1   | Entered Level 1 of the Lair of Beasts
 10696 | Lair:1   | Reached skill level 13 in Shields
 11126 | Lair:1   | Noticed Fannar
 11192 | Lair:1   | Killed Fannar
 12053 | Lair:2   | Reached XP level 12. HP: 79/79 MP: 12/12
 12364 | Lair:2   | Found a frozen archway.
 12407 | Lair:2   | Reached skill level 14 in Shields
 12479 | IceCv    | Entered an ice cave
 12796 | IceCv    | HP: 1/79 [ice beast[an ice statue] (6)]
 13095 | IceCv    | Killed from afar by an ice statue

Skill      XL: |  1  2  3  4  5  6  7  8  9 10 11 12 |
---------------+-------------------------------------+-----
Shields        | 4 5 6 7 9 11 13 14 | 14.0
Armour         | 4 5 6 7 8 |  8.7
Maces & Flails | 3 5 7 8 9 10 | 10.8
Fighting       | 4 5 6 7 |  7.2
Dodging        | 1 2 |  2.0
Stealth        | |  0.8

Action                   |  1- 3 |  4- 6 |  7- 9 | 10-12 || total
-------------------------+-------+-------+-------+-------++-------
Melee: Flail             |    76 |   415 |    63 |       ||   554
       Kick              |       |    90 |    69 |       ||   159
       Whip              |       |       |   662 |  1310 ||  1972
Evoke: Rod               |       |       |     1 |       ||     1
  Use: Scroll            |     8 |       |     5 |     9 ||    22
       Potion            |     2 |     5 |     6 |     3 ||    16
  Eat: Chunk             |       |     8 |    14 |    19 ||    41
       Pizza             |       |       |     1 |     1 ||     2
Armor: Plate armour      |    71 |   381 |   419 |   414 ||  1285
       Scale mail        |     2 |       |       |       ||     2
Dodge: Dodged            |    12 |    55 |    85 |    86 ||   238
Block: Shield            |    75 |   244 |   188 |       ||   507
       Large shield      |       |       |   290 |   923 ||  1213
